 Dungeon Crawl Stone Soup version 0.29-a0-582-ge82337ba6a (webtiles) character file.

Game seed: 7480267388252655561

200 zeratav the Cutter (level 6, 0/35 HPs)
             Began as a Kobold Gladiator on June 14, 2022.
             Killed by divine providence
             ... invoked by an orc priest
              (11 damage)
             ... on level 4 of the Dungeon.
             The game lasted 00:09:27 (4072 turns).

zeratav the Cutter (Kobold Gladiator)               Turns: 4072, Time: 00:09:28

Health: 0/35       AC:  4    Str: 12    XL:     6   Next: 6%
Magic:  6/6        EV: 15    Int:  9    God:
Gold:   66         SH:  0    Dex: 18    Spells: 5/5 levels left

rFire   . . .      SeeInvis .   p - +3 short sword {short}
rCold   . . .      Faith    .   (no shield)
rNeg    . . .      Spirit   .   b - +0 leather armour
rPois   .          Reflect  .   c - +0 helmet
rElec   .          Harm     .   u - scarf {+Inv}
rCorr   .          Rampage  .   (no gloves)
Will    .....                   (no boots)
Stlth   ++++......              (no amulet)
HPRegen 0.11/turn               (no ring)
MPRegen 0.10/turn               (no ring)

@: no status effects
A: small, no large weapons, nightstalker 3
a: Evoke Invisibility


You were on level 4 of the Dungeon.
You visited 1 branch of the dungeon, and saw 4 of its levels.

You collected 166 gold pieces.
You spent 100 gold pieces at shops.


Innate Abilities, Weirdness & Mutations

You are small and have problems with some larger weapons.
You are completely attuned to the shadows.


   Skills:
 - Level 2.1 Fighting
 + Level 6.5 Short Blades
 - Level 2.1 Throwing
 - Level 3.6 Dodging
 + Level 5.3 Stealth


You had 5 spell levels left.
You didn't know any spells.
Your spell library contained the following spells:

 Spells                   Type           Power      Damage    Failure   Level
 Sublimation of Blood     Necr           0%         N/A       61%         2
 Wereblood                Tmut           0%         N/A       61%         2
 Gell's Gravitas          Tloc           0%         N/A       83%         3
 Lesser Beckoning         Tloc           0%         N/A       83%         3
 Teleport Other           Tloc           0%         N/A       83%         3
 Summon Hydra             Summ           0%         N/A       100%        7

Inventory:

Hand Weapons
 a - a +0 rapier {short}
 p - a +3 short sword (weapon) {short}
   (You took it off an orc on level 3 of the Dungeon)
Missiles
 d - 4 throwing nets (quivered) {=fthrowing}
 e - 2 boomerangs {throwing}
Armour
 b - a +0 leather armour (worn)
 c - a +0 helmet (worn)
 u - a scarf of invisibility (worn)
   (You found it on level 3 of the Dungeon)
 A - a +0 cloak
   (You found it on level 3 of the Dungeon)
Jewellery
 i - a ring of protection from fire
   (You found it on level 1 of the Dungeon)
 m - a ring of ice
   (You found it on level 4 of the Dungeon)
Scrolls
 f - a scroll of immolation {unknown}
 g - 2 scrolls of enchant weapon {unknown}
 h - 5 scrolls of identify {unknown}
 k - a scroll of vulnerability {unknown}
 n - 2 scrolls of blinking {unknown}
 r - a scroll of fog {unknown}
 s - a scroll of fear {unknown}
 x - 2 scrolls of teleportation {unknown}
 y - a scroll of amnesia {unknown}
 z - a scroll of summoning {unknown}
Potions
 j - a potion of flight {unknown}
 l - a potion of attraction {unknown}
 o - a potion of curing {unknown}
 q - a potion of heal wounds {unknown}
 t - a potion of brilliance {unknown}
 v - a potion of lignification {unknown}
 w - 2 potions of resistance {unknown}

Dungeon Overview and Level Annotations

Branches:
Dungeon (4/15)
 Temple: D:4-7

Altars:

Shops:
D:3 =   D:4 *=*=

Annotations:
D:4 Pikel, Sigmund

+. .+ # #.#.# #.#
#.##.#. #.#.o#..#
#......## #.##...#
#.......###..##o##.
#....(.......@So...#
#....##.############
####†..###.#
.....#.###.#
####.......#
#...##### #...#
#...# #...


You could see an orc priest, an adder and an orc.


Message History

Sigmund the Dreaded comes into view.
He is wielding a +0 scythe and wearing a +2 robe of willpower.
Found a stone staircase leading down.
Pikel and a lemure come into view.
Pikel is wielding a +0 whip of flaming.
You hit the lemure. The lemure misses you.
You hit the lemure but do no damage. The lemure hits you.
HP[-4]
You take 4 damage, and now have 31/35 hp.
You hit the lemure. The lemure misses you.
You hit the lemure. You hit the lemure. The lemure hits you but does no damage.
You closely miss the lemure. The lemure closely misses you.
You hit the lemure. The lemure hits you.
HP[-1]
You take 1 damage, and now have 30/35 hp.
You hit the lemure.
You kill the lemure!
That felt strangely unrewarding.
HP[+1]
You start resting.
HP[+4]
Your hp is fully restored (35).
A ball python comes into view.
The ball python hisses angrily.
You puncture the ball python!
You kill the ball python!
You see here a ball python corpse.
m - a ring of ice You open the door. 4 orcs come into view.
An orc and an orc priest come into view.
The orc shouts!
You hear an angry hiss.
You hear a shout!
The orc shouts!
The orc barely misses you. The orc hits you with a +0 club.
You hear an angry hiss.
The orc shouts! x2
There is an open door here.
HP[-1]
You take 1 damage, and now have 34/35 hp.
The orc attacks as you move away! The orc closely misses you.
The orc attacks as you move away! The orc hits you with a +0 club.
An orc comes into view. It is wielding a +0 flail.
A ball python comes into view.
HP[-3]
You take 3 damage, and now have 31/35 hp.
You hit the orc. The orc hits you but does no damage.
HP[+1]
You hit the orc.
You kill the orc!
You hit the orc. The orc barely misses you.
You hit the orc.
You kill the orc!
You closely miss the ball python. The ball python barely misses you.
The ball python grabs you. The ball python constricts you.
You hit the ball python. The ball python misses you.
The ball python constricts you.
You closely miss the ball python. The ball python barely misses you.
The ball python constricts you.
You hit the ball python.
You kill the ball python!
The orc closely misses you. The orc hits you with a +0 club.
Items here: )) [[ ††.
HP[-3]
You take 3 damage, and now have 29/35 hp.
You closely miss the orc. The orc closely misses you.
The orc hits you with a +0 club.
HP[-3]
You take 3 damage, and now have 26/35 hp.
You puncture the orc!
You kill the orc!
HP[+1]
You hit the orc but do no damage.
An adder comes into view.
The orc hits you with a +0 dagger.
HP[-1]
You take 1 damage, and now have 26/35 hp.
You barely miss the orc. The orc misses you.
The adder hisses angrily.
You hit the orc. You closely miss the orc.
The orc priest calls upon Beogh to heal the orc.
The orc is healed somewhat.
The orc hits you with a +0 dagger.
HP[-2]
You take 2 damage, and now have 24/35 hp.
You hit the orc. The orc hits you with a +0 dagger.
HP[-2]
You take 2 damage, and now have 22/35 hp.
You hit the orc. The orc hits you but does no damage.
You puncture the orc!
You kill the orc!
You miss the adder. The adder barely misses you.
You puncture the adder! The adder bites you but does no damage.
The orc priest invokes the aid of Beogh against you.
Beogh smites you!
* * * LOW HITPOINT WARNING * * *
HP[-11]
You take 11 damage, and now have 11/35 hp.
MASSIVE DAMAGE!! (PAUSE)
You hit the adder. The adder barely misses you.
The orc priest mumbles some strange prayers to Beogh against you.
Beogh smites you!
You die...

Skill      XL: |  1  2  3  4 |
---------------+-------------+-----
Stealth        | 1 2 3 5 |  5.3
Short Blades   | 5 6 |  6.5
Fighting       | |  2.1
Throwing       | |  2.1
Dodging        | |  3.6

Action                   |  1- 3 |  4- 6 || total
-------------------------+-------+-------++-------
Melee: Rapier            |    79 |    24 ||   103
       Punch             |     1 |     1 ||     2
       Short sword       |       |    50 ||    50
       Quarterstaff      |       |     2 ||     2
 Stab: Sleeping          |    10 |    16 ||    26
       Distracted        |       |     1 ||     1
Armor: Leather armour    |    16 |     6 ||    22
Dodge: Dodged            |    65 |    26 ||    91

Levels and vault maps discovered:
D:1:      kennysheep_arrival_seaside, layout_basic,
          ebering_ecumenical_altar_box, minmay_domino_4
D:2:      layout_loops_ring, nicolae_elevator_lobby_asterisk
D:3:      layout_rooms, serial_shops, shop, minmay_cupped
D:4:      layout_loops_cross, minmay_shop_grid_forest, minmay_box_of_dots,
          uniq_crazy_yiuf_cottage, uniq_sigmund, uniq_pikel

Notes
Turn   | Place    | Note
-------+----------+-------------------------------------------
     0 | D:1      | zeratav the Kobold Gladiator began the quest for the Orb.
     0 | D:1      | Reached XP level 1. HP: 12/12 MP: 1/1
     0 | D:1      | magus.rc [v1.9.6]
    86 | D:1      | Found a faded altar of an unknown god.
   205 | D:1      | Reached skill level 1 in Stealth
   280 | D:1      | Reached XP level 2. HP: 17/17 MP: 2/2
   484 | D:1      | HP: 4/17 [goblin/+0 dagger (1)]
   484 | D:1      | HP: 1/17 [jackal (3)]
   486 | D:1      | Reached skill level 2 in Stealth
   879 | D:1      | Reached XP level 3. HP: 8/21 MP: 3/3
  1421 | D:1      | Reached skill level 5 in Short Blades
  1472 | D:1      | Reached skill level 3 in Stealth
  1954 | D:2      | Reached XP level 4. HP: 26/26 MP: 4/4
  2839 | D:3      | You pick up a book of Displacement and begin reading...
  2839 | D:3      | You add the spells Lesser Beckoning, Gell's Gravitas and
                  | Teleport Other to your library.
  3153 | D:3      | You pick up a book of Blood and begin reading...
  3153 | D:3      | You add the spells Sublimation of Blood, Wereblood and
                  | Summon Hydra to your library.
  3172 | D:3      | Found Xumutime's Jewellery Shop.
  3355 | D:3      | Reached skill level 4 in Stealth
  3651 | D:4      | Found Avay's General Store.
  3651 | D:4      | Found Seduofu's Assorted Antiques.
  3661 | D:4      | Found Guehud's Jewellery Shop.
  3662 | D:4      | Found Esungeos's Jewellery Shop.
  3693 | D:4      | Bought a brightly glowing iron amulet for 100 gold pieces
  3693 | D:4      | Identified the amulet "Maobutzac" {Reflect Harm rElec Int+5
                  | Slay-4 SH+5} (You bought it in a shop on level 4 of the
                  | Dungeon)
  3724 | D:4      | Noticed an ice beast
  3729 | D:4      | Killed an ice beast
  3730 | D:4      | Reached skill level 6 in Short Blades
  3730 | D:4      | Reached skill level 5 in Stealth
  3730 | D:4      | Reached XP level 5. HP: 16/30 MP: 5/5
  3730 | D:4      | Reached XP level 6. HP: 18/35 MP: 6/6
  3899 | D:4      | Noticed Sigmund
  3950 | D:4      | Noticed Pikel
  4072 | D:4      | Killed from afar by an orc priest

Vanquished Creatures
  An ice beast (D:4)
  A lemure (D:4)
  An adder (D:3)
  3 dart slugs
  7 orcs
  9 ball pythons
  8 endoplasms
  3 goblins
  7 hobgoblins
  12 jackals
  3 quokkas (D:1)
  5 bats
  7 frilled lizards
  7 kobolds
  3 rats
77 creatures vanquished.

Table legend:
 A = Non-vault XP
 B = Vault XP
 C = Vault XP percentage of total XP
 D = Non-vault monster count
 E = Vault monster count
 F = Vault count percentage of total count
                 A         B        C        D         E       F
            +---------+---------+-------+---------+---------+-------
      Total |     254 |      32 |  11.2 |      67 |       9 |  11.8
            +---------+---------+-------+---------+---------+-------
        D:1 |      61 |       6 |   9.0 |      34 |       3 |   8.1
        D:2 |      21 |       0 |   0.0 |      13 |       0 |   0.0
        D:3 |      21 |      21 |  50.0 |      11 |       4 |  26.7
        D:4 |     151 |       5 |   3.2 |       9 |       2 |  18.2
            +---------+---------+-------+---------+---------+-------

Illustrated notes

Table legend:
 A = Kills in this place as a percentage of kills in entire the game.
 B = Kills by you in this place as a percentage of kills by you in the entire game.
 C = Kills by friends in this place as a percentage of kills by friends in the entire game.
 D = Other kills in this place as a percentage of other kills in the entire game.
 E = Experience gained in this place as a percentage of experience gained in the entire game.
 F = Experience gained in this place divided by the number of levels of this place that you have seen.
                   A       B       C       D       E      F
               +-------+-------+-------+-------+-------+----------------------
         Total | 100.0 | 100.0 |   N/A |   N/A | 100.0 |  71.5
       Dungeon | 100.0 | 100.0 |   N/A |   N/A | 100.0 |  71.5
               +-------+-------+-------+-------+-------+----------------------

Table legend: (Time is in decaauts)
 A = Elapsed time spent in this place.
 B = Non-inter-level travel time spent in this place.
 C = Inter-level travel time spent in this place.
 D = Time resting spent in this place.
 E = Time spent auto-exploring this place.
 F = Levels seen in this place.
 G = Mean time per level.
                   A        B        C        D        E       F      G
               +--------+--------+--------+--------+--------+-----+--------+
         Total |   4061 |   3946 |    115 |   1008 |   2337 |   4 | 1015.2 |
       Dungeon |   4061 |   3946 |    115 |   1008 |   2337 |   4 | 1015.2 |
               +--------+--------+--------+--------+--------+-----+--------+

Top non-repeatable levels by time:
     D:1: 1580 daAuts
     D:2: 1236 daAuts
     D:3: 832 daAuts
     D:4: 413 daAuts
